 Dungeon Crawl Stone Soup version 0.27.1-2-g3b301248ec (webtiles) character file.

Game seed: 15721870046808633260

460 deadeyedave the Conjurer (level 6, 0/50 HPs)
             Began as a Draconian Conjurer on Sept 29, 2021.
             Slain by an ogre (29 damage)
             ... on level 4 of the Dungeon.
             The game lasted 00:19:22 (5690 turns).

deadeyedave the Conjurer (Draconian Conjurer)       Turns: 5690, Time: 00:19:22

Health: 0/50       AC:  7    Str:  9    XL:     6   Next: 78%
Magic:  11/12      EV: 12    Int: 21    God:
Gold:   211        SH:  0    Dex:  9    Spells: 9/13 levels left

rFire    . . .     SeeInvis .   l - +1 flail (vorpal)
rCold    . . .     Faith    .   (no shield)
rNeg     . . .     Spirit   .   (armour unavailable)
rPois    .         Reflect  .   (helmet restricted)
rElec    .         Harm     .   (no cloak)
rCorr    +         Rampage  .   q - +0 pair of gloves
Will     .....                  (no boots)
Stlth    ++........             (no amulet)
HPRegen  0.16/turn              t - ring of resist corrosion
MPRegen  0.13/turn              (no ring)

@: about to teleport
A: AC +6, unfitting armour, cold-blooded
a: no special abilities


You were on level 4 of the Dungeon.
You visited 1 branch of the dungeon, and saw 5 of its levels.

You collected 211 gold pieces.

Inventory:

Hand Weapons
 c - a +0 dagger
 d - a +0 trident
 l - a +1 vorpal flail (weapon)
Missiles
 e - 3 javelins
 f - 44 sling bullets
Armour
 q - a +0 pair of gloves (worn)
Jewellery
 t - a ring of resist corrosion (left hand)
Scrolls
 a - 2 scrolls of teleportation
 b - a scroll of magic mapping {unknown}
 g - 2 scrolls of identify {unknown}
 h - a scroll of immolation {unknown}
 i - a scroll of fog {unknown}
 m - a scroll of amnesia {unknown}
 p - a scroll of noise {unknown}
Potions
 j - 2 potions of curing {unknown}
 k - 2 potions of heal wounds {unknown}
 n - 2 potions of brilliance {unknown}
 o - 2 potions of attraction {unknown}
 r - 4 potions of degeneration {unknown}
 s - a potion of might {unknown}


   Skills:
 + Level 2.6 Fighting
 + Level 3.0 Dodging
 - Level 1.8 Stealth
 * Level 4.1 Spellcasting
 * Level 5.9 Conjurations


You had 9 spell levels left.
You knew the following spells:

 Your Spells              Type           Power      Damage    Failure   Level
a - Foxfire               Conj/Fire      64%        2x1d7     3%          1
b - Searing Ray           Conj           58%        3d5       1%          2
c - Magic Dart            Conj           100%       1d8       1%          1

Your spell library contained the following spells:

 Spells                   Type           Power      Damage    Failure   Level
 Conjure Flame            Conj/Fire      16%        6-21      11%         3
 Dazzling Flash           Conj/Hex       32%        N/A       11%         3
 Inner Flame              Hex/Fire       4%         N/A       34%         3
 Fulminant Prism          Conj/Hex       8%         3d7       34%         4
 Iskenderun's Mystic Bla  Conj/Tloc      16%        2d5       34%         4


Dungeon Overview and Level Annotations

Branches:
Dungeon (5/15)
 Temple: D:4-7

Altars:
Nemelex Xobeh
Wu Jian
Zin

Shops:
D:1 [

Annotations:
D:4 Edmund
D:5 Sigmund


Innate Abilities, Weirdness & Mutations

Your plain brown scales are hard. (AC +6)
You cannot fit into any form of body armour.
You are cold-blooded and may be slowed by cold attacks.


Message History

You feel sick.
You feel sick.
You feel sick.
You are no longer poisoned.
You start resting.
Magic restored.
You start resting.
HP restored.
Found a stone staircase leading down.
Sigmund the Dreaded comes into view.
He is wielding a +0 scythe and carrying a wand of flame (19).
Sigmund shouts!
There is a stone staircase leading up here.
You climb upwards.
There is a stone staircase leading down here.
There is a shaft here.
There is a stone staircase leading down here.
You climb downwards.
Level annotation: Sigmund Edmund shouts!
The ogre shouts!
The lemure shouts!
You hear a shout!
There is a stone staircase leading up here.
Casting: Searing Ray (safe; 1% risk of failure)
Confirm with . or Enter, or press ? or * to list all spells.
You conjure some foxfire!
The foxfire hits the quokka.
The quokka is lightly wounded.
The foxfire hits Edmund.
Edmund is lightly wounded.
Edmund hits you with a +4 dire flail of protection!
The quokka bites you but does no damage.
The ogre closely misses you.
Edmund hits you with a +4 dire flail of protection!
The quokka closely misses you.
You climb upwards.
There is a stone staircase leading down here.
As you read the scroll labelled NUNAKHLOECW, it crumbles to dust.
You feel strangely unstable.
It was a scroll of teleportation.
The quokka bites you.
The ogre hits you with a +0 giant club!!
Ouch! That really hurt!
You die...

##################
.................#
.........#######O#
.###.....### #@#
...........# #r#
.###.....#.# #@#
.###.....#.# #.#
###### ..####.###.#
###^###########.....
..####.# #.#
#...............####
.......# #.#
#.#.#############
.......###.###.#.#
..###.#........#.#
###


You could see Edmund, an ogre and a quokka.

Vanquished Creatures
  Blork the orc (D:4)
  A scorpion (D:5)
  A hound (D:5)
  A gnoll shaman (D:4)
  An orc priest (D:4)
  4 gnolls (D:4)
  A howler monkey skeleton (D:4)
  8 adders
  A shadow imp (D:4)
  4 worms (D:2)
  7 dart slugs
  8 orcs
  3 bats
  9 endoplasms
  4 giant cockroaches
  8 goblins
  4 hobgoblins
  8 jackals
  6 kobolds
  2 quokkas
  10 ball pythons
  5 frilled lizards
  6 rats
103 creatures vanquished.

Vanquished Creatures (others)
  24 foxfires (D:5)
24 creatures vanquished.

Grand Total: 127 creatures vanquished

Notes
Turn   | Place    | Note
-------+----------+-------------------------------------------
     0 | D:1      | deadeyedave the Draconian Conjurer began the quest for the
                  | Orb.
     0 | D:1      | Reached XP level 1. HP: 14/14 MP: 3/3
   204 | D:1      | Found Deylyd's Antique Armour Shoppe.
   270 | D:1      | Reached XP level 2. HP: 20/20 MP: 0/5
   963 | D:1      | Reached XP level 3. HP: 26/26 MP: 2/6
  1004 | D:1      | Found a faded altar of an unknown god.
  1545 | D:2      | Learned a level 2 spell: Searing Ray
  2001 | D:2      | Reached XP level 4. HP: 34/34 MP: 1/8
  2163 | D:2      | Reached skill level 1 in Fighting
  2163 | D:2      | Reached skill level 5 in Conjurations
  3042 | D:3      | Found a sparkling altar of Nemelex Xobeh.
  3296 | D:3      | Reached XP level 5. HP: 40/40 MP: 2/9
  4095 | D:4      | Learned a level 1 spell: Foxfire
  4978 | D:4      | Found an ornate altar of the Wu Jian Council.
  5083 | D:4      | Noticed Blork the orc
  5087 | D:4      | Killed Blork the orc
  5088 | D:4      | Reached XP level 6. HP: 42/48 MP: 5/11
  5336 | D:5      | Entered Level 5 of the Dungeon
  5378 | D:5      | Found a glowing silver altar of Zin.
  5644 | D:5      | Noticed Sigmund
  5685 | D:5      | Noticed Edmund
  5690 | D:4      | Slain by an ogre

Illustrated notes

Levels and vault maps discovered:
D:1:      minmay_arrival_hallway, layout_basic, basic_ecumenical_altar,
          serial_shops, shop
D:2:      layout_basic, minmay_randomly_rotated_circles
D:3:      layout_rooms, mainiacjoe_overflow_alcove_1
D:4:      layout_loops_ring, nzn_wu_jian_council_hall, grunt_ministairs_15,
          uniq_blork_the_orc
D:5:      layout_loops_cross, lemuel_round_altar, uniq_duvessa, uniq_menkaure,
          uniq_sigmund, uniq_ijyb, uniq_pikel, uniq_edmund

Skill      XL: |  1  2  3  4  5  6 |
---------------+-------------------+-----
Dodging        | 2 3 |  3.0
Fighting       | 1 2 |  2.6
Conjurations   | 5 |  5.9
Spellcasting   | 3 4 |  4.1
Stealth        | |  1.8

Action                   |  1- 3 |  4- 6 || total
-------------------------+-------+-------++-------
Melee: Unarmed           |    28 |       ||    28
       Tailslap          |     4 |       ||     4
       Trident           |    34 |     7 ||    41
       Flail             |       |     3 ||     3
 Cast: Magic Dart        |    84 |   104 ||   188
       Searing Ray       |     2 |     9 ||    11
       Foxfire           |       |    14 ||    14
  Use: Scroll            |       |     1 ||     1
 Stab: Sleeping          |       |     1 ||     1
Armor: Skin              |    31 |    17 ||    48
Dodge: Dodged            |    61 |    35 ||    96
